AoeStats
← 不爽就點

Nomad

507508167Analyzed
4v4 RM · 12d ago on Sep 18, 2026· 41m 23s· 8 players
Game mode
Random Map
Map size
231×231
Population
200
Speed
Normal
Resources
Standard
Victory
Conquest
Starting age
Dark Age
Ending age
Imperial Age
RankedLock teamsTeams togetherTeam positionsShared explorationLock speedFull tech treeHidden civsTurbo modeCheats
Victory
Defeat
🇨🇦 Turks · Canada
1057
+15
🇨🇳 Mapuche · China
1005
+17
🇻🇳 Lithuanians · Vietnam
1002
+18
🇨🇳 Sicilians · China
999
+18
🇹🇼 Khitans · Taiwan
1052
-53
🇹🇼 Portuguese · Taiwan
1043
-17
🇨🇳 Bohemians · China
1032
-17
🇮🇳 Muisca · India
1020
-16
番茄没有酒
3:23 Loom
3:53 Loom
14:00 Feudal Age
19:19 Castle Age
17:25 Horse Collar
17:40 Double-Bit Axe
18:25 Horse Collar
19:56 Wheelbarrow
19:07 Town Watch
20:07 Heavy Plow
20:20 Bow Saw
25:04 Fishing Lines
33:33 Hand Cart
35:17 Scale Barding Armor
35:15 Squires
38:00 Imperial Age
40:46 Imperial Age
41:45 Hand Cart
40:58 Pikeman
yang
14:34 Feudal Age
19:41 Castle Age
20:32 Town Watch
35:40 Fletching
38:36 Circumnavigation
39:47 Double-Bit Axe
不爽就點
SHALOMS WRATH
phaple295
THONDERROLL
6:31 Loom
9:14 Loom
19:39 Feudal Age
21:10 Town Watch
25:28 Double-Bit Axe
31:19 Castle Age
30:18 Fishing Lines
30:55 Stone Mining
30:59 Gold Mining
31:25 Horse Collar
32:41 Bow Saw
32:45 Pikeman
35:13 Elite Skirmisher
35:56 Padded Archer Armor
36:55 Champi Runner
38:35 Town Patrol
38:59 Champi Warrior
40:42 Stone Shaft Mining
40:58 Heavy Plow
41:34 Forging
41:24 Scale Mail Armor
41:45 Gillnets
GrandMasterTitties
4:41 Loom
15:25 Feudal Age
16:48 Double-Bit Axe
16:53 Town Watch
20:16 Castle Age
21:39 Town Patrol
22:50 Wheelbarrow
22:31 Bow Saw
22:04 Horse Collar
23:45 Fletching
25:06 Bodkin Arrow
27:45 Imperial Age
34:03 Bracer
gongyi528
Connection lost

Rejoining the realm…

Still unreachable

The connection could not be restored.

Session expired

The server has moved on; the page needs a fresh start.